 Dungeon Crawl Stone Soup version 0.30.1-3-gfc49f6343a (webtiles) character file.

Game seed: 17749750685337720588

26 shmup the Firebug (level 3, 0/19 HPs)
             Began as a Tengu Fire Elementalist on July 23, 2023.
             Slain by a gnoll
             ... wielding a +0 flail
              (10 damage)
             ... on level 1 of the Dungeon.
             The game lasted 00:02:05 (484 turns).

shmup the Firebug (Tengu Fire Elementalist)          Turns: 484, Time: 00:02:05

Health: 0/19       AC:  2    Str:  8    XL:     3   Next: 8%
Magic:  4/7        EV: 12    Int: 17    God:
Gold:   19         SH:  0    Dex: 14    Spells: 3/6 levels left

rFire   . . .        e - +0 short sword
rCold   . . .        (no shield)
rNeg    . . .        a - +0 robe
rPois   .            (helmet restricted)
rElec   .            (no cloak)
rCorr   .            (no gloves)
SInv    .            (boots unavailable)
Will    .....        (no amulet)
Stlth   ++           (no ring)
HPRegen 0.23/turn    (no ring)
MPRegen 0.10/turn

%: no passive effects
@: no status effects
A: beak, talons 3
a: no special abilities


You were on level 1 of the Dungeon.
You visited 1 branch of the dungeon, and saw 1 of its levels.

You collected 19 gold pieces.

Inventory:

Hand Weapons
 e - a +0 short sword (weapon)
Missiles
 d - 5 stones (quivered)
Armour
 a - a +0 robe (worn)
Scrolls
 c - a scroll of identify {unknown}
 g - a scroll of vulnerability {unknown}
 h - a scroll of noise {unknown}
Potions
 b - a potion of magic
 f - a potion of resistance {unknown}


   Skills:
 - Level 2.1 Dodging
 - Level 2.0 Stealth
 - Level 2.0 Spellcasting
 + Level 2.4 Conjurations
 * Level 4.2 Fire Magic


You had 3 spell levels left.
You knew the following spells:

 Your Spells              Type           Power      Damage    Failure   Level
a - Foxfire               Conj/Fire      52%        2x1d6     4%          1
b - Scorch                Fire           32%        2d6       5%          2

Your spell library contained the following spells:

 Spells                   Type           Power      Damage    Failure   Level
 Inner Flame              Hex/Fire       8%         N/A       24%         3
 Volatile Blastmotes      Fire/Tloc      16%        2d11      24%         3
 Flame Wave               Conj/Fire      13%        2d6       43%         4


Dungeon Overview and Level Annotations

Branches:
Dungeon (1/15)

Altars:


Innate Abilities, Weirdness & Mutations

You have a beak for a mouth.
You have claws for feet.


Message History

The kobold shouts!
The foxfire hits the kobold.
You kill the kobold!
Magic restored.
Items here: % ).
Found 7 gold pieces.
A goblin comes into view. It is wielding a +0 club.
A goblin is nearby!
Casting: Foxfire (safe; 4% risk of failure)
Confirm with . or Enter, or press ? or * to list all spells.
You conjure some foxfire!
The goblin shouts!
You hear a shout!
The foxfire hits the goblin.
The goblin is moderately wounded.
The foxfire hits the goblin.
You kill the goblin!
A gnoll comes into view. It is wielding a +0 flail.
Items here: % ).
Casting: Foxfire (safe; 4% risk of failure)
Confirm with . or Enter, or press ? or * to list all spells.
You conjure some foxfire!
The foxfire hits the gnoll.
The gnoll is heavily wounded.
The foxfire hits the gnoll.
The gnoll is severely wounded.
Casting: Foxfire (safe; 4% risk of failure)
Confirm with . or Enter, or press ? or * to list all spells.
You conjure some foxfire!
The gnoll hits you with a +0 flail!
Ouch! That really hurt!
* * * LOW HITPOINT WARNING * * *
The foxfire hits the gnoll.
The gnoll is severely wounded.
The foxfire hits the gnoll.
The gnoll is almost dead.
The gnoll barely misses you.
Casting: Foxfire (safe; 4% risk of failure)
Confirm with . or Enter, or press ? or * to list all spells.
You conjure some foxfire!
The gnoll hits you with a +0 flail!
Ouch! That really hurt!
You die...

..▒.....▒...........%.....)▒▒
......▒.▒..................▒.
...........................▒.
......▒.▒.▒▒▒▒▒▒▒▒▒........▒.
........▒.▒ ▒▒▒▒▒▒▒▒▒▒▒▒▒.
.....▒▒▒▒.▒▒▒▒▒▒......▒▒▒▒▒▒.
▒▒▒▒.▒▒▒▒......'......'....'.
..........v...▒......▒▒▒▒▒▒.
..........gQ..▒......▒ ▒▒
............v.▒▒▒▒▒▒▒▒ ▒..
.....▒▒▒)....▒▒ ..▒
........▒▒▒▒.▒ ....▒▒▒.▒▒▒▒.▒
......g...▒▒.▒ ........▒.▒▒.▒
........▒..▒.▒ ...)....$ ...▒


You could see a gnoll (ally target).

Vanquished Creatures
  2 dart slugs (D:1)
  2 endoplasms (D:1)
  6 goblins (D:1)
  2 hobgoblins (D:1)
  3 kobolds (D:1)
  A bat (D:1)
  3 rats (D:1)
19 creatures vanquished.

Vanquished Creatures (others)
  47 foxfires (D:1)
47 creatures vanquished.

Grand Total: 66 creatures vanquished

Notes
Turn   | Place    | Note
-------+----------+-------------------------------------------
     0 | D:1      | shmup the Tengu Fire Elementalist began the quest for the
                  | Orb.
     0 | D:1      | Reached XP level 1. HP: 10/10 MP: 4/4
     6 | D:1      | Noticed a salamander
     6 | D:1      | Noticed a polar bear
     6 | D:1      | Noticed a redback
     7 | D:1      | Noticed a wolf
     7 | D:1      | Noticed a wyvern
    71 | D:1      | Reached XP level 2. HP: 13/15 MP: 0/6
   254 | D:1      | Reached skill level 4 in Fire Magic
   414 | D:1      | Reached XP level 3. HP: 14/19 MP: 3/7
   450 | D:1      | Learned a level 2 spell: Scorch
   484 | D:1      | Slain by a gnoll

Illustrated notes

Levels and vault maps discovered:
D:1:      onia_arrival_zoo_common, layout_basic, interstate_on_off,
          minmay_cut_off

Skill      XL: |  1  2 |
---------------+-------+-----
Conjurations   | 2 |  2.4
Fire Magic     | 4 |  4.2
Dodging        | |  2.1
Stealth        | |  2.0
Spellcasting   | |  2.0

Action                     || total
---------------------------++-------
  Melee: Kick              ||     3
         Unarmed           ||     2
         Peck              ||     2
         Short sword       ||     2
   Cast: Foxfire           ||    29
 Armour: Robe              ||     2
  Dodge: Dodged            ||    12
